MWL (24 & UNDER)
MANHATTEN MEATHEADS @ PLUMSTEAD EAGLES
09/08/2023
 
TOP OF THE 1ST
Manhatten Meatheads batting - Pitching for Plumstead Eagles : LHP Armando Rodríguez
Pitching: LHP Armando Rodríguez
Batting: SHB Will Evans 0-0: Ball
1-0: SINGLE (Line Drive, 34D)
Batting: RHB Juan Reyes 0-0: Called Strike
0-1: Ball
1-1: Called Strike
1-2: Ball
2-2: Foul Ball, location: 2F
2-2: Fly out, F8 (Flyball, 8RM)
Batting: LHB Pat Zimmerman 0-0: Swinging Strike
Will Evans steals 2nd base
0-1: Ball
1-1: Swinging Strike
1-2: Strikes out swinging
Batting: SHB Vitaliano Capuana 0-0: Called Strike
0-1: Ball
1-1: Ball
2-1: SINGLE (Groundball, 4D)
Will Evans to third
Runner from 3rd tries for Home, SAFE, no throw or cutoff
Batting: RHB Ben Morton 0-0: Ball
Wild Pitch!
Vitaliano Capuana to second
1-0: Called Strike
1-1: Ground out 4-3 (Groundball, 4M)
Top of the 1st over - 1 run(s), 2 hit(s), 0 error(s), 1 left on base; Manhatten 1 - Plumstead 0
BOTTOM OF THE 1ST
Plumstead Eagles batting - Pitching for Manhatten Meatheads : LHP José Acevedo
Pitching: LHP José Acevedo
Batting: RHB Tim Gardner 0-0: Called Strike
0-1: Ball
1-1: Ball
2-1: Ball
3-1: Swinging Strike
3-2: SINGLE (Flyball, 9LS)
Batting: RHB José Moreno 0-0: Called Strike
0-1: Ball
1-1: Foul Ball, location: 2F
1-2: SINGLE (Line Drive, 56D)
Tim Gardner to second
Batting: LHB Eduardo Rodríguez 0-0: Called Strike
0-1: Foul Ball, location: 2F
0-2: Ball
1-2: Ground out 4-3 (Groundball, 4MS)
Tim Gardner to third
José Moreno to second
Batting: RHB Germano Labrego 0-0: Swinging Strike
0-1: Ball
1-1: Ball
2-1: Foul Ball, location: 2F
2-2: Strikes out swinging
Batting: SHB Nate Rhodes 0-0: Ball
1-0: Foul Ball, location: 2F
1-1: Ball
2-1: Ball
3-1: Base on Balls
Batting: RHB Juan Magdayao 0-0: Ball
1-0: DOUBLE (Line Drive, 7LM)
Tim Gardner scores
José Moreno scores
Nate Rhodes to third
Batting: RHB Joe Land 0-0: Ball
1-0: Foul Ball, location: 2F
1-1: Ground out 6-3 (Groundball, 56)
Bottom of the 1st over - 2 run(s), 3 hit(s), 0 error(s), 2 left on base; Manhatten 1 - Plumstead 2
TOP OF THE 2ND
Manhatten Meatheads batting - Pitching for Plumstead Eagles : LHP Armando Rodríguez
Batting: LHB Ed Murray 0-0: Ball
1-0: Foul Ball, location: 2F
1-1: Ball
2-1: Foul Ball, location: 2F
2-2: Strikes out swinging
Batting: RHB Mark McDonald 0-0: Ball
1-0: Called Strike
1-1: Foul Ball, location: 2F
1-2: SINGLE (Groundball, 56) (infield hit)
Batting: RHB Júlio Galló 0-0: Called Strike
Mark McDonald steals 2nd base
0-1: Ball
1-1: Ball
2-1: Swinging Strike
2-2: Ball
3-2: Strikes out swinging
Batting: SHB Kent Phillips 0-0: Ground out 4-3 (Groundball, 4M)
Top of the 2nd over - 0 run(s), 1 hit(s), 0 error(s), 1 left on base; Manhatten 1 - Plumstead 2
BOTTOM OF THE 2ND
Plumstead Eagles batting - Pitching for Manhatten Meatheads : LHP José Acevedo
Batting: RHB J.J. Leslie 0-0: Called Strike
0-1: Swinging Strike
0-2: Strikes out swinging
Batting: RHB Louis Smith 0-0: Foul Ball, location: 2F
0-1: Called Strike
0-2: Strikes out looking
Batting: RHB Tim Gardner 0-0: Called Strike
0-1: Foul Ball, location: 2F
0-2: Strikes out swinging
Bottom of the 2nd over - 0 run(s), 0 hit(s), 0 error(s), 0 left on base; Manhatten 1 - Plumstead 2
TOP OF THE 3RD
Manhatten Meatheads batting - Pitching for Plumstead Eagles : LHP Armando Rodríguez
Batting: SHB Will Evans 0-0: Ball
1-0: Ball
2-0: Ground out 6-3 (Groundball, 6)
Batting: RHB Juan Reyes 0-0: Called Strike
0-1: SINGLE (Line Drive, 89S)
Batting: LHB Pat Zimmerman 0-0: Ball
1-0: Called Strike
1-1: Ball
2-1: Ground out 5-3 (Groundball, 56S)
Juan Reyes to second
Batting: SHB Vitaliano Capuana 0-0: Swinging Strike
0-1: Fly out, F8 (Flyball, 8RD)
Top of the 3rd over - 0 run(s), 1 hit(s), 0 error(s), 1 left on base; Manhatten 1 - Plumstead 2
BOTTOM OF THE 3RD
Plumstead Eagles batting - Pitching for Manhatten Meatheads : LHP José Acevedo
Batting: RHB José Moreno 0-0: Called Strike
0-1: Foul Ball, location: 2F
0-2: Strikes out swinging
Batting: LHB Eduardo Rodríguez 0-0: Swinging Strike
0-1: Called Strike
0-2: Strikes out swinging
Batting: RHB Germano Labrego 0-0: Called Strike
0-1: Foul Ball, location: 2F
0-2: Strikes out swinging
Bottom of the 3rd over - 0 run(s), 0 hit(s), 0 error(s), 0 left on base; Manhatten 1 - Plumstead 2
TOP OF THE 4TH
Manhatten Meatheads batting - Pitching for Plumstead Eagles : LHP Armando Rodríguez
Batting: RHB Ben Morton 0-0: Called Strike
0-1: Ball
1-1: Ball
2-1: Swinging Strike
2-2: Foul Ball, location: 2F
2-2: Strikes out looking
Batting: LHB Ed Murray 0-0: Ball
1-0: Ball
2-0: Ball
3-0: Called Strike
3-1: Base on Balls
Batting: RHB Mark McDonald 0-0: Ball
1-0: Ball
2-0: Called Strike
2-1: Grounds into double play, 4-6-3 (Groundball, 4)
Top of the 4th over - 0 run(s), 0 hit(s), 0 error(s), 0 left on base; Manhatten 1 - Plumstead 2
BOTTOM OF THE 4TH
Plumstead Eagles batting - Pitching for Manhatten Meatheads : LHP José Acevedo
Batting: SHB Nate Rhodes 0-0: Swinging Strike
0-1: Called Strike
0-2: Ball
1-2: Ball
2-2: Strikes out swinging
Batting: RHB Juan Magdayao 0-0: Called Strike
0-1: Ball
1-1: Ball
2-1: Fly out, F8 (Flyball, 8LD)
Batting: RHB Joe Land 0-0: Called Strike
0-1: SOLO HOME RUN (Flyball, 9LD), Distance : 363 ft
Batting: RHB J.J. Leslie 0-0: Ball
1-0: Ball
2-0: Ball
3-0: Base on Balls
Batting: RHB Louis Smith 0-0: Ball
1-0: Ball
2-0: Called Strike
2-1: Foul Ball, location: 2F
2-2: Ball
3-2: Base on Balls
J.J. Leslie to second
Batting: RHB Tim Gardner 0-0: Ball
1-0: Ball
2-0: Ball
3-0: Called Strike
3-1: SINGLE (Flyball, 4D)
J.J. Leslie to third
Louis Smith to second
Runner from 3rd tries for Home, SAFE, throw made home
Louis Smith to third
Tim Gardner to second
Batting: RHB José Moreno 0-0: Swinging Strike
0-1: Ball
1-1: Fly out, F9 (Flyball, 89S)
Bottom of the 4th over - 2 run(s), 2 hit(s), 0 error(s), 2 left on base; Manhatten 1 - Plumstead 4
TOP OF THE 5TH
Manhatten Meatheads batting - Pitching for Plumstead Eagles : LHP Armando Rodríguez
Batting: RHB Júlio Galló 0-0: Swinging Strike
0-1: Called Strike
0-2: Strikes out looking
Batting: SHB Kent Phillips 0-0: Ball
1-0: Ball
2-0: Fly out, F9 (Flyball, 9LM)
Batting: SHB Will Evans 0-0: Ground out U3 (Groundball, 3L)
Top of the 5th over - 0 run(s), 0 hit(s), 0 error(s), 0 left on base; Manhatten 1 - Plumstead 4
BOTTOM OF THE 5TH
Plumstead Eagles batting - Pitching for Manhatten Meatheads : LHP José Acevedo
Batting: LHB Eduardo Rodríguez 0-0: Ball
1-0: Ball
2-0: Foul Ball, location: 2F
2-1: Swinging Strike
2-2: Foul Ball, location: 2F
2-2: Strikes out looking
Batting: RHB Germano Labrego 0-0: Ball
1-0: Foul Ball, location: 2F
1-1: Foul Ball, location: 2F
1-2: Ball
2-2: Reached on error, E1 (Groundball, 15)
Pitching: LHP Dave Blackwell
Batting: SHB Nate Rhodes 0-0: Ball
1-0: Ball
2-0: Called Strike
2-1: SINGLE (Groundball, 6) (infield hit)
Germano Labrego to second
Batting: RHB Juan Magdayao 0-0: 3-RUN HOME RUN (Flyball, 7D), Distance : 356 ft
Batting: RHB Joe Land 0-0: Called Strike
0-1: Ball
1-1: Ball
2-1: Ball
3-1: Base on Balls
Batting: RHB J.J. Leslie 0-0: Called Strike
0-1: Ball
1-1: Ball
Joe Land steals 2nd base
2-1: Ball
3-1: Fly out, F8 (Popup, 4MD)
Batting: RHB Louis Smith 0-0: Ball
1-0: Called Strike
1-1: Ground out 5-3 (Groundball, 56)
Bottom of the 5th over - 3 run(s), 2 hit(s), 1 error(s), 1 left on base; Manhatten 1 - Plumstead 7
TOP OF THE 6TH
Manhatten Meatheads batting - Pitching for Plumstead Eagles : LHP Armando Rodríguez
Batting: RHB Juan Reyes 0-0: Ball
1-0: Ball
2-0: Called Strike
2-1: SINGLE (Groundball, 34D)
Batting: LHB Pat Zimmerman 0-0: Ball
1-0: Called Strike
1-1: Foul Ball, location: 2F
1-2: Fly out, F2 (Popup, 25F)
Batting: SHB Vitaliano Capuana 0-0: Called Strike
0-1: Ball
1-1: Called Strike
1-2: Ball
2-2: Fly out, F4 (Line Drive, 4)
Batting: RHB Ben Morton 0-0: Ball
1-0: Ground out 5-3 (Groundball, 5S)
Top of the 6th over - 0 run(s), 1 hit(s), 0 error(s), 1 left on base; Manhatten 1 - Plumstead 7
BOTTOM OF THE 6TH
Plumstead Eagles batting - Pitching for Manhatten Meatheads : LHP Dave Blackwell
Batting: RHB Tim Gardner 0-0: Ball
1-0: Ball
2-0: Foul Ball, location: 2F
2-1: Foul Ball, location: 2F
2-2: Foul Ball, location: 2F
2-2: Strikes out looking
Batting: RHB José Moreno 0-0: Ground out 6-3 (Groundball, 6)
Batting: LHB Eduardo Rodríguez 0-0: Called Strike
0-1: Ball
1-1: Ball
2-1: Called Strike
2-2: Strikes out swinging
Bottom of the 6th over - 0 run(s), 0 hit(s), 0 error(s), 0 left on base; Manhatten 1 - Plumstead 7
TOP OF THE 7TH
Manhatten Meatheads batting - Pitching for Plumstead Eagles : LHP Armando Rodríguez
Pitching: RHP Aubrey Cote
Batting: LHB Ed Murray 0-0: Ground out 4-3 (Groundball, 4)
Batting: RHB Mark McDonald 0-0: Ball
1-0: Foul Ball, location: 2F
1-1: Swinging Strike
1-2: Foul Ball, location: 2F
1-2: Ball
2-2: Ball
3-2: Foul Ball, location: 2F
3-2: Strikes out swinging
Batting: RHB Júlio Galló 0-0: Foul Ball, location: 2F
0-1: Swinging Strike
0-2: Ball
1-2: Strikes out swinging
Top of the 7th over - 0 run(s), 0 hit(s), 0 error(s), 0 left on base; Manhatten 1 - Plumstead 7
BOTTOM OF THE 7TH
Plumstead Eagles batting - Pitching for Manhatten Meatheads : LHP Dave Blackwell
Batting: RHB Germano Labrego 0-0: Hit by Pitch
Batting: SHB Nate Rhodes 0-0: SINGLE (Line Drive, 6D)
Germano Labrego to second
Batting: RHB Juan Magdayao 0-0: Bunted foul
0-1: Bunted foul
0-2: Ball
1-2: Foul Ball, location: 2F
1-2: Foul Ball, location: 2F
1-2: Ball
2-2: Ball
3-2: Base on Balls
Germano Labrego to third
Nate Rhodes to second
Batting: RHB Joe Land 0-0: Called Strike
0-1: Called Strike
0-2: Ball
1-2: Foul Ball, location: 2F
1-2: Strikes out looking
Pitching: LHP Juan Mendoza
Batting: RHB J.J. Leslie 0-0: Ball
1-0: Ground out U3 (Groundball, 3S)
Germano Labrego scores
Nate Rhodes to third
Juan Magdayao to second
Batting: RHB Louis Smith 0-0: Ball
1-0: Ball
2-0: Called Strike
2-1: Ball
3-1: Foul Ball, location: 2F
3-2: Foul Ball, location: 2F
3-2: Fly out, F3 (Popup, 34S)
Bottom of the 7th over - 1 run(s), 1 hit(s), 0 error(s), 2 left on base; Manhatten 1 - Plumstead 8
TOP OF THE 8TH
Manhatten Meatheads batting - Pitching for Plumstead Eagles : RHP Aubrey Cote
Batting: SHB Kent Phillips 0-0: Ground out 1-3 (Groundball, 13S)
Batting: SHB Will Evans 0-0: Hit by Pitch
Batting: RHB Juan Reyes 0-0: Ball
1-0: Foul Ball, location: 2F
1-1: Ball
2-1: Foul Ball, location: 2F
2-2: Fly out, F8 (Flyball, 89S)
Batting: LHB Pat Zimmerman 0-0: Ground out 1-3 (Groundball, 25)
Top of the 8th over - 0 run(s), 0 hit(s), 0 error(s), 1 left on base; Manhatten 1 - Plumstead 8
BOTTOM OF THE 8TH
Plumstead Eagles batting - Pitching for Manhatten Meatheads : LHP Juan Mendoza
Batting: RHB Tim Gardner 0-0: Called Strike
0-1: Foul Ball, location: 2F
0-2: Ball
1-2: Ball
2-2: Strikes out swinging
Batting: RHB José Moreno 0-0: Ball
1-0: Foul Ball, location: 2F
1-1: Swinging Strike
1-2: Foul Ball, location: 2F
1-2: Strikes out swinging
Batting: LHB Eduardo Rodríguez 0-0: Ball
1-0: Swinging Strike
1-1: Foul Ball, location: 2F
1-2: Strikes out looking
Bottom of the 8th over - 0 run(s), 0 hit(s), 0 error(s), 0 left on base; Manhatten 1 - Plumstead 8
TOP OF THE 9TH
Manhatten Meatheads batting - Pitching for Plumstead Eagles : RHP Aubrey Cote
Now at SS: Pablo Villarreal
Batting: SHB Vitaliano Capuana 0-0: Called Strike
0-1: Fly out, F8 (Flyball, 8RM)
Batting: RHB Ben Morton 0-0: Swinging Strike
0-1: Ball
1-1: Ball
2-1: Ball
3-1: Base on Balls
Batting: LHB Ed Murray 0-0: Fly out, F4 (Line Drive, 4)
Batting: RHB Mark McDonald 0-0: Ball
1-0: DOUBLE (Line Drive, 3D)
Ben Morton to third
Runner from 3rd tries for Home, SAFE, no throw or cutoff
Batting: RHB Júlio Galló 0-0: Fly out, F3 (Popup, 3DF)
Top of the 9th over - 1 run(s), 1 hit(s), 0 error(s), 1 left on base; Manhatten 2 - Plumstead 8
This league is powered by Out of the Park Baseball, the baseball management simulation game for PC, Mac and Linux
Wednesday, December 2nd, 2015 - OOTP Baseball 16.8 Build 38